 Dungeon Crawl Stone Soup version 0.26.1-11-gd32895ea62 (webtiles) character file.

Game seed: 3896494403903021896

259 Zeld the Twirler (level 6, -2/39 HPs)
             Began as an Octopode Gladiator on May 20, 2021.
             Slain by an orc wizard
             ... wielding a +0 dagger
              (3 damage)
             ... on level 3 of the Dungeon.
             The game lasted 00:02:45 (2998 turns).

Zeld the Twirler (Octopode Gladiator)               Turns: 2998, Time: 00:02:45

Health: -2/39      AC:  1    Str: 13    XL:     6   Next: 17%
Magic:  6/6        EV: 14    Int: 10    God:
Gold:   82         SH:  0    Dex: 16    Spells: 5/5 levels left

rFire    . . .     SeeInvis .   a - +0 quarterstaff
rCold    . . .     Faith    .   (shield currently unavailable)
rNeg     . . .     Spirit   .   b - +0 hat
rPois    .         Reflect  .   (no amulet)
rElec    .         Harm     .   (no ring)
rCorr    .         Rampage  .   (no ring)
Will     .....                  (no ring)
Stlth    ++........             (no ring)
HPRegen  0.13/turn              (no ring)
MPRegen  0.10/turn              (no ring)
                                (no ring)
                                (no ring)

@: no status effects
A: almost no armour, stealthy swim, amphibious, 8 rings, constrict 8, camouflage
1, gelatinous body 1
a: no special abilities


You were on level 3 of the Dungeon.
You visited 1 branch of the dungeon, and saw 3 of its levels.

You collected 82 gold pieces.

Inventory:

Hand Weapons
 a - a +0 quarterstaff (weapon)
Missiles
 c - 3 throwing nets (quivered)
Armour
 b - a +0 hat (worn)
Wands
 l - a wand of flame (15)
Scrolls
 d - 2 scrolls of remove curse {unknown}
 f - a scroll of magic mapping {unknown}
 g - 3 scrolls of teleportation {unknown}
 j - a scroll of noise {unknown}
 k - a scroll of fear {unknown}
Potions
 e - a potion of invisibility {unknown}
 h - a potion of brilliance {unknown}
 i - a potion of mutation {unknown}
 m - a potion of flight {unknown}


   Skills:
 - Level 2.0 Fighting
 * Level 6.7 Staves
 - Level 2.0 Throwing
 - Level 3.0 Dodging


You had 5 spell levels left.
You didn't know any spells.
Your spell library was empty.

Dungeon Overview and Level Annotations

Branches:
Dungeon (3/15)

Altars:
Fedhas
Xom


Innate Abilities, Weirdness & Mutations

You cannot wear most types of armour.
You are very stealthy in the water. (Stealth+)
You are amphibious.
You can wear up to eight rings at the same time.
You can use your tentacles to constrict eight enemies at once.
Your skin changes colour to match your surroundings (Stealth+).
Your rubbery body absorbs attacks. (AC +1, EV +1)


Message History

A puff of flame appears from out of thin air!
The puff of flame hits you.
You barely miss something. Something barely misses you.
You sock something! Something hits you.
* * * LOW HITPOINT WARNING * * *
You barely miss something. You squeeze something.
You hear some strange, mumbled words.
A puff of flame appears from out of thin air!
The puff of flame hits you!
* * * LOW HITPOINT WARNING * * *
You barely miss something. Your squeeze misses something. Something hits you.
* * * LOW HITPOINT WARNING * * *
You hit something. Something hits you but does no damage.
You closely miss something. Your squeeze misses something. Something hits you.
* * * LOW HITPOINT WARNING * * *
You closely miss something. Your squeeze misses something.
Something hits you but does no damage.
You hit something but do no damage. Something hits you but does no damage.
You miss something. Something hits you.
You die...

####..#.##.#
.....#.....#.##.#
#..# .........#o#
#..#.###..#.#.#.#
#..#..!......†..#
#..#####.#.##.###
#..# #..........#
#..###.##..##.#{#
#.............#@#
##.####.#######.#
#.#..#.....{...#
#.........######
#####..####.#
$......# #.#
####...#....# .#
#....# ### .#
#.#!.#


There were no monsters in sight!

Vanquished Creatures
  Sigmund (D:2)
  Jessica (D:2)
  An ooze (D:1)
  2 worms
  3 dart slugs (D:1)
  2 leopard geckos (D:1)
  An orc (D:3)
  A giant cockroach (D:1)
  5 goblins
  10 hobgoblins
  13 jackals
  2 ball pythons
  8 bats
  3 frilled lizards
  8 kobolds
  7 rats
68 creatures vanquished.

Notes
Turn   | Place    | Note
-------+----------+-------------------------------------------
     0 | D:1      | Zeld the Octopode Gladiator began the quest for the Orb.
     0 | D:1      | Reached XP level 1. HP: 14/14 MP: 1/1
    66 | D:1      | Reached XP level 2. HP: 19/19 MP: 2/2
   319 | D:1      | Reached skill level 4 in Staves
   327 | D:1      | Reached XP level 3. HP: 21/24 MP: 3/3
  1191 | D:1      | Found a blossoming altar of Fedhas.
  1347 | D:2      | Reached XP level 4. HP: 29/29 MP: 4/4
  1454 | D:2      | Found a shimmering altar of Xom.
  1681 | D:2      | Noticed Sigmund
  1687 | D:2      | Noticed Jessica
  1990 | D:2      | Reached skill level 5 in Staves
  2018 | D:2      | Killed Jessica
  2371 | D:2      | Killed Sigmund
  2372 | D:2      | Reached skill level 6 in Staves
  2372 | D:2      | Reached XP level 5. HP: 31/34 MP: 5/5
  2372 | D:2      | Reached XP level 6. HP: 36/39 MP: 6/6
  2995 | D:3      | HP: 1/39 [something (1)]
  2998 | D:3      | Slain by an orc wizard

Illustrated notes

Levels and vault maps discovered:
D:1:      dpeg_arrival_water_altar, layout_basic
D:2:      layout_basic, general_overflow_altar, minmay_fountain_box,
          uniq_jessica, uniq_sigmund
D:3:      layout_basic

Skill      XL: |  1  2  3  4 |
---------------+-------------+-----
Staves         | 4 6 |  6.7
Fighting       | |  2.0
Throwing       | |  2.0
Dodging        | |  3.0

Action                   |  1- 3 |  4- 6 || total
-------------------------+-------+-------++-------
Melee: Quarterstaff      |    70 |    64 ||   134
       Constrict         |    23 |    14 ||    37
       Tentacles         |    16 |     9 ||    25
       Unarmed           |       |     5 ||     5
 Stab: Sleeping          |     2 |     2 ||     4
       Distracted        |       |     1 ||     1
Armor: Skin              |     6 |     2 ||     8
Dodge: Dodged            |    41 |    43 ||    84
